 Dungeon Crawl Stone Soup version 0.32-a0-630-g46d191b0ed (webtiles) character file.

Game seed: 7339250713755949099

79 ketsa the Chopper (level 4, -2/40 HPs)
             Began as a Mountain Dwarf Fighter on Mar 6, 2024.
             Slain by a gnoll
             ... wielding a +0 flail
              (4 damage)
             ... on level 2 of the Dungeon.
             The game lasted 00:02:32 (1345 turns).

ketsa the Chopper (Mountain Dwarf Fighter)          Turns: 1345, Time: 00:02:32

Health: -2/40      AC:  6    Str: 21    XL:     4   Next: 16%
Magic:  4/4        EV:  9    Int:  8    God:
Gold:   83         SH:  4    Dex:  9    Spells: 3/3 levels left

rFire   . . .        a - +0 war axe
rCold   . . .        c - +0 buckler
rNeg    . . .        b - +0 scale mail
rPois   .            (no helmet)
rElec   .            (no cloak)
rCorr   .            (no gloves)
SInv    .            (no boots)
Will    .....        (no amulet) Stlth
                     (no ring)
HPRegen 0.26/turn    (no ring)
MPRegen 0.09/turn

%: no passive effects
@: mighty
A: runic magic, artefact enchanting
a: no special abilities


You were on level 2 of the Dungeon.
You visited 1 branch of the dungeon, and saw 2 of its levels.

You collected 83 gold pieces.

Inventory:

Hand Weapons
 a - a +0 war axe (weapon)
Armour
 b - a +0 scale mail (worn)
 c - a +0 buckler (worn)
 f - a +0 kite shield
Scrolls
 j - a scroll of amnesia {unknown}
 k - a scroll of teleportation {unknown}
 l - a scroll of immolation {unknown}
Potions
 e - a potion of haste {unknown}
 g - a potion of enlightenment {unknown}
 h - 2 potions of mutation {unknown}
 i - a potion of heal wounds {unknown}


   Skills:
 - Level 3.7 Fighting
 * Level 4.3 Axes
 - Level 3.2 Armour
 + Level 4.0 Shields


You had 3 spell levels left.
You didn't know any spells.
Your spell library was empty.

Dungeon Overview and Level Annotations

Branches:
Dungeon (2/15)

Altars:

Shops:
D:2 =

Annotations:
D:2 1 transporter


Innate Abilities, Weirdness & Mutations

Your spellcasting is much less encumbered by armour.
You can use scrolls of enchantment on lesser artefacts.


Message History

You kill the bat!
You block the gnoll's attack. The gnoll hits you with a +0 halberd.
Items here: )) ††.
You hit the gnoll.
The gnoll is heavily wounded.
The gnoll barely misses you. The gnoll hits you with a +0 halberd!
* * * LOW HITPOINT WARNING * * *
You barely miss the gnoll.
The gnoll is heavily wounded.
The gnoll barely misses you.
You closely miss the gnoll.
The gnoll is heavily wounded.
The gnoll hits you with a +0 halberd.
* * * LOW HITPOINT WARNING * * *
You closely miss the gnoll.
The gnoll is heavily wounded.
The gnoll hits you with a +0 halberd.
* * * LOW HITPOINT WARNING * * *
The gnoll barely misses you.
You feel very mighty all of a sudden. The gnoll barely misses you.
You barely miss the gnoll.
The gnoll is heavily wounded.
The gnoll misses you.
You barely miss the gnoll.
The gnoll is heavily wounded.
The gnoll hits you with a +0 halberd.
* * * LOW HITPOINT WARNING * * *
You slash the gnoll!
You kill the gnoll!
The gnoll hits you with a +0 flail.
* * * LOW HITPOINT WARNING * * *
You slash the gnoll!
The gnoll is almost dead.
The gnoll barely misses you.
You barely miss the gnoll.
The gnoll is almost dead.
The gnoll hits you with a +0 flail.
You die...

.#~~~..≈≈≈≈≈≈~~~~~≈≈≈≈
.###~..~~~≈≈≈≈≈≈≈≈≈≈≈~
..##ß..ß#~~~~≈≈≈≈≈~~~~
#.##ß..ß....~~~~~~~#
#.##.....#.##...####
#.##.....#.##.#..#
#........#.##.##.#
.....##...##..##.#
####.##...######@#
..##.©.# #g# #########
#.. #.©.# ....
#######...# ...##
.<...##.∩.# .....
#...)##...# ....#
#######.©.# ......
.....


You could see a gnoll.

Vanquished Creatures
  4 gnolls
  A dart slug (D:1)
  6 endoplasms
  2 goblins (D:1)
  8 hobgoblins
  4 jackals (D:1)
  2 ball pythons (D:1)
  2 bats
  2 frilled lizards (D:1)
  A kobold (D:1)
  5 rats
37 creatures vanquished.

Notes
Turn   | Place    | Note
-------+----------+-------------------------------------------
     0 | D:1      | ketsa the Mountain Dwarf Fighter began the quest for the
                  | Orb.
     0 | D:1      | Reached XP level 1. HP: 19/19 MP: 1/1
   284 | D:1      | Reached XP level 2. HP: 26/26 MP: 2/2
   727 | D:1      | Reached XP level 3. HP: 26/33 MP: 3/3
  1307 | D:2      | Found a transporter.
  1307 | D:2      | Found Anefein's Jewellery Shop.
  1332 | D:2      | Reached XP level 4. HP: 28/40 MP: 4/4
  1343 | D:2      | HP: 1/40 [gnoll/+0 flail (5)]
  1345 | D:2      | Slain by a gnoll

Illustrated notes

Levels and vault maps discovered:
D:1:      minmay_arrival_four_houses, layout_loops_corners
D:2:      wander_river, layout_basic, serial_shops, nicolae_shop_drivethru,
          serial_undead, serial_undead_e, serial_undead_a, serial_undead_d,
          serial_undead_c, serial_undead_f, serial_undead_d,
          minmay_misc_feat_ornament, kennysheep_jessica_study

Skill      XL: |  1  2  3 |
---------------+----------+-----
Axes           | 3 4 |  4.3
Shields        | 4 |  4.0
Fighting       | |  3.7
Armour         | |  3.2

Action                     |  1- 3 |  4- 6 || total
---------------------------+-------+-------++-------
  Melee: War axe           |   110 |    12 ||   122
    Use: Potion            |       |     1 ||     1
 Armour: Scale mail        |    58 |    11 ||    69
  Dodge: Dodged            |    54 |     9 ||    63
  Block: Buckler           |    26 |     2 ||    28

Table legend: (Time is in decaauts)
 A = Elapsed time spent in this place.
 B = Non-inter-level travel time spent in this place.
 C = Inter-level travel time spent in this place.
 D = Time resting spent in this place.
 E = Time spent auto-exploring this place.
 F = Levels seen in this place.
 G = Mean time per level.
                   A        B        C        D        E       F      G
               +--------+--------+--------+--------+--------+-----+--------+
         Total |   1389 |   1357 |     32 |     46 |    937 |   2 |  694.5 |
       Dungeon |   1389 |   1357 |     32 |     46 |    937 |   2 |  694.5 |
               +--------+--------+--------+--------+--------+-----+--------+

Top non-repeatable levels by time:
     D:1: 1128 daAuts
     D:2: 261 daAuts
